 Dungeon Crawl Stone Soup version 0.25-a0-160-gd1d2e81aba (webtiles) character file.

Game seed: 14334379740848970814, levelgen mode: deterministic

163 Myrm the Ruffian (level 5, 0/33 HPs)
             Began as a Gargoyle Monk on Nov 21, 2019.
             Was a Believer of Nemelex Xobeh.
             Slain by a frilled lizard (2 damage)
             ... on level 3 of the Dungeon.
             The game lasted 00:17:11 (2124 turns).

Myrm the Ruffian (Gargoyle Monk)                    Turns: 2124, Time: 00:17:12

Health: 0/33       AC:  7    Str: 16      XL:     5   Next: 44%
Magic:  5/5        EV: 16    Int:  9 (10) God:    Nemelex Xobeh [**....]
Gold:   108        SH:  8    Dex: 17      Spells: 4/4 levels left

rFire    . . .     SeeInvis .     - Unarmed
rCold    . . .     Gourm    .   d - +0 shield
rNeg     + . .     Faith    .   a - +1 robe
rPois    ∞         Spirit   .   (no helmet)
rElec    +         Reflect  .   (no cloak)
rCorr    .         Harm     .   (no gloves)
MR       .....                  (no boots)
Stlth    ++++......             (no amulet)
HPRegen  0.11/turn              i - ring of flight
MPRegen  0.09/turn              (no ring)

@: agile
A: negative energy resistance 1, electricity resistance, unbreathing,
petrification resistance, rot immunity, AC +4
a: Draw Escape, Draw Destruction, Draw Summoning, Renounce Religion, Evoke
Flight


You were on level 3 of the Dungeon.
You worshipped Nemelex Xobeh.
Nemelex Xobeh was pleased with you.
You were not hungry.

You visited 1 branch of the dungeon, and saw 3 of its levels.

You collected 108 gold pieces.

Inventory:

Armour
 a - a +1 robe (worn)
 d - a +0 shield (worn)
Jewellery
 i - a ring of flight (left hand)
 k - an uncursed amulet of the gourmand {unknown}
Wands
 e - a wand of polymorph (11)
 f - a wand of enslavement (10)
 g - a wand of digging (8)
Scrolls
 c - 3 scrolls of amnesia
 h - 2 scrolls of teleportation
Potions
 j - 2 potions of curing
Comestibles
 b - 3 rations


   Skills:
 + Level 3.8 Fighting
 * Level 3.4 Dodging
 * Level 3.3 Stealth
 + Level 1.5 Shields
 + Level 3.8 Unarmed Combat


You had 4 spell levels left.
You didn't know any spells.
Your spell library was empty.

Dungeon Overview and Level Annotations

Branches:
Dungeon (3/15)

Altars:
Ashenzari
Elyvilon
Fedhas
Gozag
Nemelex Xobeh
Ru
Vehumet

Annotations:
D:3 2 transporters, stillor's ghost, amateur GrMo


Innate Abilities, Weirdness & Mutations

You are resistant to torment.
Your stone body is resilient. (AC +4)
You are immune to poison.
You resist negative energy. (rN+)
You are resistant to electric shocks. (rElec)
You can survive without breathing.
You are immune to petrification.
You are immune to rotting.


Message History

You block the orc's attack. The orc misses you.
You hit the orc.
You kill the orc!
The orc hits you with a +0 whip.
* * * LOW HITPOINT WARNING * * *
The orc misses you. The orc hits you with a +0 whip.
* * * LOW HITPOINT WARNING * * *
Things that are here:
a +0 flail of draining; a +0 leather armour; an orc corpse You hit the orc.
You kill the orc!
The orc misses you.
You closely miss the orc.
The orc is heavily wounded.
You block the orc's attack.
You barely miss the orc.
The orc is heavily wounded.
The frilled lizard bites you.
You die...
Your body disappears without a glow.

.(..≈≈.......#...........(.......
(...≈#.......#...................
...........#'#.........##..######
.......................##..#WZ...
.........<...........####..#Z....
.....................####..#Z.##.
...........................#..#8.
..........#....l...........#..##.
..........#.>.)o@..........#.....
...........................#..##.
.............#.....##......#..#8.
.................####......#..##.
########.........# #.......#.....
########.........# #...#...#©...$
#................# #...#...######
#................# #...#.........
#...........###### ### ##.....#..


You could see an orc and a frilled lizard.

Vanquished Creatures
  An orc priest (D:3)
  5 adders
  2 worms (D:2)
  2 dart slugs
  3 leopard geckos
  5 orcs (D:3)
  2 ball pythons
  3 bats
  8 giant cockroaches
  9 goblins
  3 hobgoblins
  3 jackals (D:3)
  6 kobolds
  2 frilled lizards
  6 rats
60 creatures vanquished.

Vanquished Creatures (others)
  An adder (D:3)
  5 toadstools (D:1)
6 creatures vanquished.

Grand Total: 66 creatures vanquished

Notes
Turn   | Place    | Note
-------+----------+-------------------------------------------
     0 | D:1      | Myrm the Gargoyle Monk began the quest for the Orb.
     0 | D:1      | Reached XP level 1. HP: 14/14 MP: 1/1
   272 | D:1      | Reached XP level 2. HP: 19/19 MP: 2/2
   694 | D:1      | Reached XP level 3. HP: 20/23 MP: 3/3
   996 | D:2      | Reached skill level 1 in Shields
  1074 | D:2      | Reached XP level 4. HP: 21/28 MP: 4/4
  1319 | D:2      | Found a sparkling altar of Nemelex Xobeh.
  1334 | D:2      | Found a white marble altar of Elyvilon.
  1340 | D:2      | Found a radiant altar of Vehumet.
  1347 | D:2      | Found a blossoming altar of Fedhas.
  1354 | D:2      | Found a sacrificial altar of Ru.
  1361 | D:2      | Found an opulent altar of Gozag.
  1370 | D:2      | Found a shattered altar of Ashenzari.
  1382 | D:2      | Became a worshipper of Nemelex Xobeh the Trickster
  1382 | D:2      | Received a gift from Nemelex Xobeh
  1382 | D:2      | Reached * piety under Nemelex Xobeh
  1382 | D:2      | Received a gift from Nemelex Xobeh
  1382 | D:2      | Reached ** piety under Nemelex Xobeh
  1657 | D:3      | Received a gift from Nemelex Xobeh
  1710 | D:3      | Found a transporter.
  1710 | D:3      | Noticed stillor's ghost (amateur GrMo)
  1765 | D:3      | Found a transporter.
  1785 | D:3      | Received a gift from Nemelex Xobeh
  1988 | D:3      | Reached XP level 5. HP: 24/33 MP: 5/5
  2120 | D:3      | HP: 1/33 [orc/+0 whip (4)]
  2124 | D:3      | Slain by a frilled lizard

Levels and vault maps discovered:
D:1:      ldierk_walled_garden, layout_loops_corners
D:2:      layout_loops_ring, grunt_temple_overflow_octagram
D:3:      minmay_chambers_of_threes, layout_basic, tgw_xom,
          gammafunk_ghost_mausoleum, chequers_serial_rivers_small_b,
          corexii_leaking_fountain

Skill      XL: |  1  2  3 |
---------------+----------+-----
Dodging        | 3 |  3.4
Shields        | 1 |  1.5
Stealth        | 3 |  3.3
Fighting       | |  3.8
Unarmed Combat | |  3.8

Action                   |  1- 3 |  4- 6 || total
-------------------------+-------+-------++-------
Melee: Unarmed           |   122 |   145 ||   267
 Abil: Draw Destruction  |       |     8 ||     8
       Draw Summoning    |       |     2 ||     2
  Use: Scroll            |     4 |     3 ||     7
       Potion            |     1 |     3 ||     4
 Stab: Sleeping          |     2 |       ||     2
  Eat: Ration            |     1 |     1 ||     2
Armor: Robe              |    49 |    42 ||    91
Dodge: Dodged            |    76 |    59 ||   135
Block: Shield            |    23 |    59 ||    82

Table legend:
 A = Non-vault XP
 B = Vault XP
 C = Vault XP percentage of total XP
 D = Non-vault monster count
 E = Vault monster count
 F = Vault count percentage of total count
                 A         B        C        D         E       F
            +---------+---------+-------+---------+---------+-------
      Total |     231 |       2 |   0.9 |      60 |       1 |   1.6
            +---------+---------+-------+---------+---------+-------
        D:1 |      35 |       0 |   0.0 |      18 |       0 |   0.0
        D:2 |      94 |       0 |   0.0 |      24 |       0 |   0.0
        D:3 |     102 |       2 |   1.9 |      18 |       1 |   5.3
            +---------+---------+-------+---------+---------+-------
